 Dungeon Crawl Stone Soup version 0.28-a0-769-g550dbda0cd (webtiles) character file.

Game seed: 1781553496102745539

39 willcat the Sneak (level 3, -1/29 HPs)
             Began as a Demonspawn Delver on Oct 31, 2021.
             Was an Initiate of Ashenzari.
             Slain by a hound (2 damage)
             ... on level 7 of the Dungeon.
             The game lasted 00:01:41 (634 turns).

willcat the Sneak (Demonspawn Delver)                Turns: 634, Time: 00:01:42

Health: -1/29      AC:  7    Str: 13    XL:     3   Next: 28%
Magic:  3/3        EV:  9    Int: 11    God:    Ashenzari [......]
Gold:   24         SH:  0    Dex: 14    Spells: 2/2 levels left

rFire   . . .      SeeInvis .   a - +0 short sword
rCold   . . .      Faith    .   (no shield)
rNeg    . . .      Spirit   .   h - +1 scale mail
rPois   .          Reflect  .   (helmet restricted)
rElec   .          Harm     .   (no cloak)
rCorr   .          Rampage  .   (no gloves)
Will    .....                   (no boots)
Stlth   +.........              (no amulet)
HPRegen 0.09/turn               (no ring)
MPRegen 0.08/turn               (no ring)

@: no status effects
A: horns 1, powered by pain 1
a: Renounce Religion


You were on level 7 of the Dungeon.
You worshipped Ashenzari.
Ashenzari was noncommittal.
You visited 2 branches of the dungeon, and saw 4 of its levels.

You collected 24 gold pieces.

Inventory:

Hand Weapons
 a - a +0 short sword (weapon)
Armour
 b - a +0 leather armour
 h - a +1 scale mail (worn)
Wands
 g - a wand of digging (3)
Scrolls
 c - a scroll of fog
 d - a scroll of magic mapping
Potions
 f - a potion of haste


   Skills:
 - Level 3.0 Fighting
 + Level 2.7 Short Blades
 + Level 1.8 Armour
 - Level 1.7 Dodging
 - Level 4.5 Stealth


You had 2 spell levels left.
You didn't know any spells.
Your spell library was empty.

Dungeon Overview and Level Annotations

Branches:
Dungeon (7/15)             Temple (1/1) D:6

Altars:
Ashenzari
Cheibriados
Dithmenos
Gozag
Hepliaklqana
Nemelex Xobeh
Qazlal
Sif Muna
Trog
Uskayaw
Vehumet
Xom
Yredelemnul
Zin
The Shining One


Innate Abilities, Weirdness & Mutations

You have a pair of small horns on your head.
You sometimes gain a little power by taking damage.


Message History

You assume a fearsome visage.
The water moccasin looks frightened!
You feel sick.
You feel sick.
You feel sick.
You feel sick.
You feel sick.
You feel sick.
You feel sick.
Found a stone staircase leading down.
You feel sick.
You are no longer poisoned.
Found a robe.
Found a scroll labelled NISCHO FAOCH.
A hound and a yak come into view.
The yak bellows!
The hound barks!
A yak comes into view.
The hound moves out of view.
Found a stone staircase leading up.
A hound comes into view.
Found a scroll of fog.
The hound moves out of view.
Found 13 gold pieces.
The hound barks!
You hear a bellow!
Found a copper wand.
The hound bites you.
* * * LOW HITPOINT WARNING * * *
Found a stone staircase leading up.
The hound bites you but does no damage.
There is a stone staircase leading down here.
Okay, then.
The hound stops to sniff the ground.
The hound bites you but does no damage. The hound bites you.
* * * LOW HITPOINT WARNING * * *
The hound barely misses you.
You climb downwards.
There is a stone staircase leading up here.
Unknown command.
As you read the scroll labelled VOQIADA EROBLUAXU, it crumbles to dust.
It is a scroll of enchant armour.
Your +0 scale mail glows green for a moment.
The hound bites you but does no damage. The hound barely misses you.
The hound bites you.
You die...

.# .
##.
#F.
#.#
#.#
#h###
#@h.#
###.#
#


You could see a bullfrog (asleep) and 2 hounds.

Vanquished Creatures
  A bullfrog skeleton (D:6)
  A howler monkey zombie (D:6)
2 creatures vanquished.

Notes
Turn   | Place    | Note
-------+----------+-------------------------------------------
     0 | D:5      | willcat the Demonspawn Delver began the quest for the Orb.
     0 | D:5      | Reached XP level 1. HP: 18/18 MP: 1/1
    27 | D:5      | Noticed a sky beast
    66 | D:6      | Found a staircase to the Ecumenical Temple.
   359 | D:6      | Reached skill level 1 in Armour
   359 | D:6      | Gained mutation: You have a pair of small horns on your
                  | head. [demonic ancestry]
   359 | D:6      | Reached XP level 2. HP: 12/24 MP: 2/2
   359 | D:6      | Gained mutation: You sometimes gain a little power by
                  | taking damage. [demonic ancestry]
   359 | D:6      | Reached XP level 3. HP: 15/29 MP: 3/3
   364 | Temple   | Entered the Ecumenical Temple
   532 | Temple   | Became a worshipper of Ashenzari the Shackled
   598 | D:6      | Noticed a water moccasin
   621 | D:6      | Noticed a yak
   621 | D:6      | Noticed a yak
   629 | D:6      | HP: 1/29 [hound (4)]
   633 | D:7      | Noticed a bullfrog
   634 | D:7      | Slain by a hound

Illustrated notes

Levels and vault maps discovered:
D:5:      layout_basic
D:6:      layout_rooms, minmay_temple_entry_slanted
D:7:      layout_loops_cross, uniq_pikel
Temple:   minmay_freezing_vapour_temple

Skill      XL: |  1 |
---------------+----+-----
Short Blades   | 2 |  2.7
Armour         | 1 |  1.8
Fighting       | |  3.0
Dodging        | |  1.7
Stealth        | |  4.5

Action                   || total
-------------------------++-------
Melee: Short sword       ||    15
       Headbutt          ||     2
  Use: Scroll            ||     2
Armor: Scale mail        ||    11
Dodge: Dodged            ||     6

Table legend: (Time is in decaauts)
 A = Elapsed time spent in this place.
 B = Non-inter-level travel time spent in this place.
 C = Inter-level travel time spent in this place.
 D = Time resting spent in this place.
 E = Time spent auto-exploring this place.
 F = Levels seen in this place.
 G = Mean time per level.
                   A        B        C        D        E       F      G
               +--------+--------+--------+--------+--------+-----+--------+
         Total |    635 |    600 |     35 |      0 |    262 |   4 |  158.8 |
       Dungeon |    461 |    426 |     35 |      0 |    106 |   3 |  153.7 |
        Temple |    173 |    173 |      0 |      0 |    156 |   1 |  173.0 |
               +--------+--------+--------+--------+--------+-----+--------+

Top non-repeatable levels by time:
     D:5: 261 daAuts
     D:6: 199 daAuts
  Temple: 173 daAuts
     D:7: 0 daAuts
